[Event "ITT 1st Parada Jamundi 2022"]
[Site "Jamundi Valle"]
[Date "2022.12.11"]
[Round "10.28"]
[White "Caro Gallego, James Stiven"]
[Black "Cajamarca Gordillo, Sebastian Alejandro"]
[Result "0-1"]
[ECO "D05"]
[WhiteElo "1884"]
[BlackElo "1618"]
[Annotator "NA RC COMBH"]
[PlyCount "72"]
[EventDate "2022.12.05"]
[EventType "swiss"]
[EventCountry "COL"]
[SourceTitle "playchess.com"]
[Source "ChessBase"]
[SourceQuality "1"]
[TimeControl "5400+30"]

1. d4 d5 2. Nf3 Nf6 3. e3 e6 4. Bd3 Be7 5. O-O O-O 6. Nbd2 Nbd7 7. Qe2 c5 8. c3 Qc7 9. e4 dxe4 10. Nxe4 Nxe4 11. Qxe4 $11 Nf6 12. Qh4 c4 13. Bc2 g6 14. Bg5 Nd5 15. Rfe1 Re8 16. Bxe7 Qxe7 17. Qh6 Qf8 18. Qg5 b6 19. h4 Qe7 20. Qg3 Bb7 21. h5 Qf6 22. Ne5 Rac8 23. Be4 Qg7 24. hxg6 hxg6 25. Re2 Re7 26. Rae1 Nf6 27. Bxb7 Rxb7 28. Re3 b5 29. a3 a5 30. Rf3 Re7 31. Qh4 Nd5 32. Re4 f5 33. Re1 g5 34. Qh2 g4 35. Rg3 Qh7 36. f3 Qxh2+ 0-1

[Event "ITT 1st Parada Jamundi 2022"]
[Site "Jamundi Valle"]
[Date "2022.12.11"]
[Round "10.29"]
[White "Gomez Saenz, Manuela"]
[Black "Avella Munoz, Andrea"]
[Result "0-1"]
[ECO "C44"]
[WhiteElo "1479"]
[BlackElo "1472"]
[Annotator "NA RC COMBH"]
[PlyCount "66"]
[EventDate "2022.12.05"]
[EventType "swiss"]
[EventCountry "COL"]
[SourceTitle "playchess.com"]
[Source "ChessBase"]
[SourceQuality "1"]
[TimeControl "5400+30"]

1. e4 e5 2. Nf3 Nc6 3. d4 exd4 4. Bc4 Bb4+ 5. c3 dxc3 6. O-O d6 7. a3 Ba5 8. b4 Bb6 9. Qb3 Qf6 10. Nxc3 Nge7 11. Bb2 Qg6 12. Ne2 O-O 13. Ng3 Be6 14. Rac1 Bxc4 15. Qxc4 Qe6 16. Qc3 Qg6 17. Nh4 Qg5 18. Kh1 Bd4 19. Qb3 Qxh4 20. Bxd4 Nxd4 21. Qc4 Ne6 22. Qd5 b6 23. Qd2 Ng6 24. Nf5 Qxe4 25. Ne3 Ne5 26. Nd5 Nd3 27. Ne7+ Kh8 28. Rc3 Nef4 29. f3 Qxe7 30. g3 Qe5 31. gxf4 Nxf4 32. Re1 Qf6 33. Rg1 Ne2 0-1